 Dungeon Sprint DCSS version 0.31-a0-325-g067879e3d3 (webtiles) character file.

Game seed: 16150817457351314099

2176 HallandMoats the Vine Stalker Cataclysm (level 9, -2/51 HPs)
             Began as a Vine Stalker Monk on July 19, 2023.
             Was a High Priest of Qazlal.
             Killed by a mummy priest's death curse (15 damage)
             ... in the Dungeon (Sprint V: "Ziggurat Sprint").
             The game lasted 00:02:18 (360 turns).

HallandMoats the Vine Stalker Cataclysm (VSMo)       Turns: 360, Time: 00:02:19

Health: -2/51      AC: 20    Str: 30    XL:     9   Next: 32%
Magic:  0/20       EV:  2    Int: 10    God:    Qazlal [*****.]
Gold:   0          SH: 32    Dex: 17    Spells: 8/8 levels left

rFire   + . .        z - +16 obsidian axe {drain, demonic, Mesm Drain Fly SInv}
rCold   + . .        A - +18 shield of the Gong {Loud rN+ Will+ rCorr EV-5}
rNeg    + . .        a - +5 gold dragon scales
rPois   +            (no helmet)
rElec   .            (no cloak)
rCorr   +            (no gloves)
SInv    +            (no boots)
Will    ++...        (no amulet)
Stlth   x              - +6 ring of strength
HPRegen 1.08/turn    y - +6 ring of strength
MPRegen 0.17/turn

%: no teleportation, repel missiles, guardian spirit
@: flying
A: fangs 3, regeneration 1, magic shield, antimagic bite, no potion heal 2
a: Renounce Religion, Upheaval, Elemental Force, Disaster Area


You were in the Dungeon.
You worshipped Qazlal.
Qazlal was extremely pleased with you.
You visited 1 branch

Inventory:

Hand Weapons
 z - the +16 obsidian axe (weapon) {drain, demonic, Mesm Drain Fly SInv}
   (You found it in the Dungeon)

   Mesm:      Its wielder is mesmerised by any visible foes, and it cannot be
   unequipped while any foes are visible.
   SInv:      It lets you see invisible.
   Fly:       It grants you flight.
   Drain:     It drains your maximum health when unequipped.
Armour
 a - +5 gold dragon scales (worn)
 A - the +18 shield of the Gong (worn) {Loud rN+ Will+ rCorr EV-5}
   (You found it in the Dungeon)

   Loud:      It is deafeningly noisy when blocking attacks.
   EV:        It affects your evasion (-5).
   rN:        It protects you from negative energy.
   rCorr:     It protects you from acid and corrosion.
   Will:      It increases your willpower.
Jewellery
 x - a +6 ring of strength (left hand)
 y - a +6 ring of strength (right hand)
Wands
 q - a wand of mindburst (7)
 r - a wand of light (7)
Scrolls
 i - 4 scrolls of blinking
 k - a scroll of brand weapon
 m - 4 scrolls of amnesia
 n - 7 scrolls of fog
 o - 5 scrolls of identify
 p - 2 scrolls of fear
Potions
 b - 2 potions of brilliance
 c - a potion of ambrosia
 d - 2 potions of invisibility
 e - 10 potions of curing
 f - 6 potions of haste
 g - 7 potions of magic
 h - 3 potions of berserk rage
 j - 4 potions of resistance
 l - 5 potions of might


   Skills:
 + Level 7.9 Fighting
 + Level 8.0 Axes
 + Level 6.4 Armour
 + Level 7.0 Dodging
 * Level 13.5 Invocations


You had 8 spell levels left.
You didn't know any spells.
Your spell library contained the following spells:

 Spells                   Type           Power      Damage    Failure   Level
 Sting                    Tmut/Pois      0%         1d3       100%        1
 Cigotuvi's Dreadful Rot  Necr/Pois/Air  0%         N/A       100%        2
 Lesser Beckoning         Tloc           0%         N/A       100%        2
 Passwall                 Tmut/Erth      0%         N/A       100%        2
 Dazzling Flash           Conj/Hex       0%         N/A       100%        3
 Dispel Undead            Necr           0%         3d6       100%        4
 Agony                    Necr           0%         N/A       100%        5
 Summon Forest            Summ/Tloc      0%         N/A       100%        5
 Summon Mana Viper        Hex/Summ       0%         N/A       100%        5
 Death Channel            Necr           0%         N/A       100%        6
 Summon Cactus Giant      Summ           0%         N/A       100%        6
 Enfeeble                 Hex            0%         N/A       100%        7
 Chain Lightning          Conj/Air       0%         N/A       100%        9
 Fire Storm               Conj/Fire      0%         5d1       100%        9
 Shatter                  Erth           0%         3d5*      100%        9


Dungeon Overview and Level Annotations

Branches:
Dungeon (1/1)

Altars:
Ashenzari
Cheibriados
Dithmenos
Elyvilon
Fedhas
Gozag
Hepliaklqana
Kikubaaqudgha
Makhleb
Nemelex Xobeh
Okawaru
Qazlal
Ru
Sif Muna
Trog
Uskayaw
Vehumet
Wu Jian
Xom
Yredelemnul
Zin
The Shining One
Jiyva
Lugonu

Annotations:
D 1 transporter


Innate Abilities, Weirdness & Mutations

You have razor-sharp teeth.
Your natural rate of healing is unusually fast.
When hurt, damage is shared between your health and your magic reserves.
Your bite disrupts and absorbs the magic of your enemies.
Potions cannot restore your health.


Message History

Qazlal accepts your kill.
The blast of rubble hits the mummy priest!!
The mummy priest is heavily damaged.
The blast of magma engulfs the guardian mummy!!
You destroy the guardian mummy!
Qazlal accepts your kill.
The blast of magma engulfs the mummy priest!
The mummy priest is severely damaged.
You feel extremely nervous for a moment...
Pain shoots through your body!
You feel extremely nervous for a moment...
Pain shoots through your body!!
Visions of slaying the mummy priest flood into your mind.
Your Axes skill increases to level 8!
Your Armour skill increases to level 6!
Your Dodging skill increases to level 7!
Your Invocations skill increases to level 13!
You have reached level 9!
Your experience leads to an increase in your attributes!
Your base attributes are Str 16, Int 10, Dex 17.
Increase (S)trength, (I)ntelligence, or (D)exterity?
You feel stronger. x2
Unknown command.
The mummy priest calls on the powers of darkness!
Your body is wracked with pain!
* * * LOW HITPOINT WARNING * * *
The mummy priest calls on the powers of darkness!
Your body is wracked with pain!
* * * LOW HITPOINT WARNING * * *
You see here a +2 morningstar of freezing.
You hit the mummy priest. Your bite misses the mummy priest.
The mummy priest is severely damaged.
The mummy priest hits you.
* * * LOW HITPOINT WARNING * * *
You slice the mummy priest!!
You are no longer entranced.
You destroy the mummy priest!
Qazlal accepts your kill.
You feel extremely nervous for a moment...
Pain shoots through your body!
You die...

▓.....▓.)...▓.....▓
▓...†.▓.....▓.....▓
▓.....▓.....▓..©..▓
▓..©..▓..©..▓▓▓▓▓▓▓
▓▓▓▓▓▓▓▓▓▓▓▓▓▓▓▓▓▓▓
▓..8©8...▓..8©8...▓
▓...=)...▓..○)○...▓
▓........▓..=.°...▓
▓........▓..§@≈○..▓
▓........▓....°...▓
▓.▓....▓.▓.▓..°.▓.▓
▓...©....▓...©....▓
▓▓▓▓▓▓▓▓▓▓▓▓▓▓▓▓▓▓▓


There were no monsters in sight!

Vanquished Creatures
  2 mummy priests (D)
  A guardian mummy (D)
  3 tarantellas (D)
  2 golden eyes (D)
  3 phantoms (D)
  A necrophage (D)
  A scorpion (D)
  A wight (D)
  A jelly (D)
  2 adder zombies (D)
  An endoplasm (D)
18 creatures vanquished.

Notes
Turn   | Place    | Note
-------+----------+-------------------------------------------
     0 | D        | HallandMoats the Vine Stalker Monk began the quest for the
                  | Orb.
     0 | D        | Reached XP level 1. HP: 11/11 MP: 2/2
    18 | D        | Found a shimmering blue altar of Sif Muna.
    18 | D        | Found a sacrificial altar of Ru.
    18 | D        | Found a bloodstained altar of Trog.
    18 | D        | Found a stormy altar of Qazlal.
    18 | D        | Found an iron altar of Okawaru.
    18 | D        | Found a sparkling altar of Nemelex Xobeh.
    18 | D        | Found a blossoming altar of Fedhas.
    18 | D        | Found the +6 Majin-Bo {spellvamp, MP+6 Int+6}
    18 | D        | Found the +27 heavy crossbow "Sniper" {heavy, Acc+∞ SInv}
    18 | D        | Found the +10 dark maul {heavy}
    18 | D        | Found the +15 Maxwell's patent armour {-Cast -Tele rElec
                  | Will+ rCorr}
    18 | D        | Found the +18 shield of the Gong {Loud rN+ Will+ rCorr
                  | EV-5}
    18 | D        | Found the +16 obsidian axe {drain, demonic, Mesm Drain Fly
                  | SInv}
    18 | D        | Found the +7 great mace "Firestarter" {flame, immolate,
                  | rFlCloud rF++}
    18 | D        | Found the +6 shillelagh "Devastator" {shatter}
    18 | D        | Found the +11 plutonium sword {Contam Stlth-}
    18 | D        | Found the +8 lance "Wyrmbane" {slay drac, rPois rF+ rC+
                  | AC+3}
    18 | D        | Found the +9 sword of Zonguldrok {reap}
    18 | D        | Found the +13 scythe of Curses {drain, curses, Drain}
    18 | D        | Found the +9 sword of Power {lifebolt}
    18 | D        | Found the +7 mace of Variability {chaos, chaos arc}
    18 | D        | Found the +11 Singing Sword {sonic wave}
    18 | D        | Found the +8 storm bow {elec, penet}
    20 | D        | Found a transporter.
    20 | D        | Found an ancient bone altar of Kikubaaqudgha.
    20 | D        | Found a viscous altar of Jiyva.
    20 | D        | Found a corrupted altar of Lugonu.
    20 | D        | Found a hazy altar of Hepliaklqana.
    20 | D        | Found a burning altar of Makhleb.
    20 | D        | Found an opulent altar of Gozag.
    33 | D        | Became a worshipper of Qazlal Stormbringer
    33 | D        | Reached * piety under Qazlal
    33 | D        | Reached ** piety under Qazlal
    42 | D        | Reached skill level 7 in Invocations
    42 | D        | Reached XP level 2. HP: 16/16 MP: 2/7
    95 | D        | Entered arena 2.
    95 | D        | Noticed a necrophage
    95 | D        | Noticed a phantom
    95 | D        | Found a transporter.
   100 | D        | Killed a phantom
   101 | D        | Reached skill level 1 in Armour
   101 | D        | Reached skill level 8 in Invocations
   101 | D        | Reached XP level 3. HP: 20/20 MP: 7/9
   101 | D        | Gained mutation: Your natural rate of healing is unusually
                  | fast. [Vine Stalker growth]
   101 | D        | Reached XP level 4. HP: 24/24 MP: 8/11
   101 | D        | Killed a necrophage
   102 | D        | Reached XP level 5. HP: 29/29 MP: 8/12
   104 | D        | Got Ilab's Secrets of the Blinking Fairies
   110 | D        | Entered arena 3.
   110 | D        | Noticed a phantom
   110 | D        | Noticed a phantom
   110 | D        | Found a transporter.
   114 | D        | Noticed a neqoxec
   115 | D        | Reached skill level 9 in Invocations
   115 | D        | Killed a phantom
   115 | D        | Reached *** piety under Qazlal
   116 | D        | Reached XP level 6. HP: 35/35 MP: 12/14
   119 | D        | Reached skill level 5 in Fighting
   119 | D        | Reached skill level 5 in Axes
   119 | D        | Reached skill level 10 in Invocations
   126 | D        | Got the Grimoire of Gloom and Changes
   128 | D        | Entered arena 4.
   128 | D        | Noticed a tarantella
   128 | D        | Noticed a tarantella
   128 | D        | Noticed a tarantella
   128 | D        | Found a transporter.
   131 | D        | Killed a tarantella
   132 | D        | Reached skill level 5 in Dodging
   132 | D        | Reached XP level 7. HP: 13/39 MP: 4/16
   132 | D        | Killed a tarantella
   133 | D        | Reached skill level 11 in Invocations
   134 | D        | Killed a tarantella
   134 | D        | Reached **** piety under Qazlal
   135 | D        | Reached skill level 5 in Armour
   135 | D        | Gained mutation: You have razor-sharp teeth. [Vine Stalker
                  | growth]
   135 | D        | Reached XP level 8. HP: 7/45 MP: 1/17
   342 | D        | Entered arena 5.
   342 | D        | Found a transporter.
   345 | D        | Reached skill level 12 in Invocations
   348 | D        | Reached ***** piety under Qazlal
   354 | D        | Entered arena 6.
   354 | D        | Noticed a mummy priest
   354 | D        | Noticed a guardian mummy
   354 | D        | Noticed a mummy priest
   354 | D        | Found a transporter.
   355 | D        | Killed a mummy priest
   355 | D        | Killed a guardian mummy
   356 | D        | Reached skill level 13 in Invocations
   356 | D        | Reached XP level 9. HP: 21/51 MP: 3/20
   360 | D        | Killed a mummy priest
   360 | D        | Killed by a mummy priest's death curse

Illustrated notes

Levels and vault maps discovered:
D:        sprint_v [room_start, room_1, room_2, room_3, room_4, room_5, room_6,
          room_7, room_8, room_9, room_10, room_11, room_12, room_13, room_14,
          room_15, room_16, room_17, room_18, room_19, room_20, room_21,
          room_22, room_23, room_24, room_25, room_26, room_27]

Skill      XL: |  1  2  3  4  5  6  7  8 |
---------------+-------------------------+-----
Invocations    | 7 8 9 10 11 13 | 13.5
Fighting       | 3 4 5 6 7 |  7.9
Axes           | 3 4 5 6 8 |  8.0
Armour         | 1 2 3 4 5 6 |  6.4
Dodging        | 3 4 5 7 |  7.0

Action                     |  1- 3 |  4- 6 |  7- 9 || total
---------------------------+-------+-------+-------++-------
  Melee: Broad axe         |     4 |    11 |    10 ||    25
         Bite              |     1 |     5 |     1 ||     7
 Invoke: Disaster Area     |       |       |     1 ||     1
    Use: Potion            |     1 |       |       ||     1
 Armour: Gold dragon scale |     1 |     7 |     3 ||    11
  Block: Kite shield       |    11 |    19 |     9 ||    39

Table legend: (Time is in decaauts)
 A = Elapsed time spent in this place.
 B = Non-inter-level travel time spent in this place.
 C = Inter-level travel time spent in this place.
 D = Time resting spent in this place.
 E = Time spent auto-exploring this place.
 F = Levels seen in this place.
 G = Mean time per level.
                   A        B        C        D        E       F      G
               +--------+--------+--------+--------+--------+-----+--------+
         Total |    370 |    370 |      0 |    231 |      0 |   1 |  370.0 |
       Dungeon |    370 |    370 |      0 |    231 |      0 |   1 |  370.0 |
               +--------+--------+--------+--------+--------+-----+--------+

Top non-repeatable levels by time:
       D: 370 daAuts
